adf, lawful male human Samurai ------ |....| |....| |<...| ---|-- --------- ## |.......| # |.......| ### |.......| # |.....@.| ## |....@%.-#####--------|------- |.......| #...{...(.......| --------- |..............| |..............| |.............>| ---------------- adf the Ninja Experience level: 6 Strength: 14 Dexterity: 16 Constitution: 18 Intelligence: 8 Wisdom: 9 Charisma: 8 Health: 0(59) Energy: 18(18) AC: 10 Gold: 0 Moves: 2310 Your Inventory: Amulets L - an [uncursed] circular amulet [of ESP] Weapons c - an uncursed +0 yumi d - 36 uncursed +0 ya (in quiver) v - an [uncursed +1] dwarvish short sword (weapon in hand) y - a [blessed +1] mace H - 10 [uncursed +0] crossbow bolts J - 11 [uncursed +0] darts T - a [cursed -5] quarterstaff X - a [cursed -1] bill-guisarme Armor A - an [uncursed +0] splint mail Comestibles z - 2 [uncursed] tripe rations E - 2 [uncursed] slime molds I - an [uncursed] melon O - an [uncursed] fortune cookie Q - an [uncursed] gunyoki S - 3 [uncursed] pancakes Scrolls h - an [uncursed] scroll labeled ELBIB YLOH [of create monster] m - a [cursed] scroll labeled SODALG [of charging] q - a [cursed] scroll of teleportation w - an [uncursed] scroll labeled ELAM EBOW [of enchant armor] K - an [uncursed] scroll labeled VE FORBRYDERNE [of light] Y - a [cursed] scroll labeled LEP GEX VEN ZEA [of confuse monster] Z - an [uncursed] scroll labeled KO BATE [of enchant weapon] Spellbooks n - an [uncursed] big spellbook [of stone to flesh] Potions i - a [cursed] icy potion [of sleeping] o - an [uncursed] puce potion [of gain ability] p - an [uncursed] brown potion [of object detection] N - a [blessed] gooey potion [of see invisible] R - 2 [uncursed] swirly potions [of sake] W - an [uncursed] pink potion [of healing] Rings C - an [uncursed] agate ring [of sustain ability] Wands l - an [uncursed] wand of digging [0:3] x - an [uncursed] forked wand [of fire (0:4)] G - an [uncursed] long wand [of light (0:12)] V - an [uncursed] cedar wand [of locking (0:7)] Tools f - an uncursed blindfold D - an [uncursed oil] lamp F - an [uncursed] chest U - an [uncursed oil] lamp Gems B - 2 [uncursed] white gems [worthless glass] M - an [uncursed] red gem [worthless glass] P - 2 [uncursed] yellow gems [worthless glass] Spells known in the end: Name Level Category Fail Memory Your skills at the end: Fighting Skills martial arts [Basic / Master] Weapon Skills short sword [Basic / Expert] long sword [Basic / Expert] bow [Basic / Expert] Spellcasting Skills Final Attributes: You were devoutly aligned. Hunger level was 30. Your alignment was 19 / 21. Monster difficulty range was 1 - 6. Level difficulty was 6. You were fast. Your luck was zero. Amaterasu Omikami was angry with you (1). You are dead. Vanquished creatures: a small mimic a leprechaun a bugbear a kobold mummy an elf zombie a paper golem 2 giant ants a dwarf a kobold lord 3 rabid rats 2 iguanas an acid blob 4 manes 2 large kobolds a hobgoblin 4 cave spiders a yellow mold 2 green molds a jackal a fox 2 goblins 3 sewer rats 7 grid bugs 2 lichens a kobold zombie 2 newts 49 creatures vanquished. Voluntary challenges: You were illiterate. You used a wielded weapon 79 times. You put on armor 1 time. You never genocided any monsters. You never polymorphed an object. You never changed form. You used no wishes. You never wrote Elbereth's name. You never encountered a bones level. You never used any Sokoban shortcuts. Dungeon overview: The Dungeons of Doom: levels 1 to 6 Level 1 a long staircase Level 3 a general store, a sink a long staircase Level 4 a fountain Level 5 a fountain Level 6 <- You were here a general store, a fountain History has recorded: On T:1 you entered the Dungeons of Doom to retrieve the Amulet of Yendor! On T:280 you reached level 2 of The Dungeons of Doom. On T:286 you reached level 3 of The Dungeons of Doom. On T:331 you advanced to experience level 2. On T:485 you advanced to experience level 3. On T:764 you reached level 4 of The Dungeons of Doom. On T:814 you advanced to experience level 4. On T:866 you advanced to experience level 5. On T:1387 you reached level 5 of The Dungeons of Doom. On T:1490 you advanced to experience level 6. On T:1952 you reached level 6 of The Dungeons of Doom. Latest messages: Annootok zaps a wand of magic missile! The magic missile hits you! The magic missile bounces! The magic missile hits you! Annootok zaps a wand of magic missile! The magic missile hits you! [HP-32=27] [2 turns] Annootok zaps a wand of magic missile! The magic missile hits you! Annootok zaps a wand of magic missile! The magic missile hits you! The magic missile bounces! [HP-14=13] Annootok zaps a wand of magic missile! The magic missile hits you! You hear the howling of the CwnAnnwn... The magic missile bounces! (2x) Annootok zaps a wand of magic missile! The magic missile hits you! You die... Annootok takes all your possessions. The chest is empty. Final status: Sayonara adf the Samurai... You died in The Dungeons of Doom on dungeon level 6 with 2180 points, and 0 pieces of gold, after 2310 moves. You were level 6 with a maximum of 59 hit points when you died.